 Dungeon Crawl Stone Soup version 0.16.0-11-gd45b091 (webtiles) character file.

20 Sorcv the Sneak (level 3, -7/19 HPs)
             Began as a Kobold Enchanter on Mar 17, 2015.
             Killed from afar by Sigmund (12 damage)
             ... with a wand of flame
             ... on level 2 of the Dungeon.
             The game lasted 00:02:51 (649 turns).

Sorcv the Sneak (Kobold Enchanter)                   Turns: 649, Time: 00:02:51

Health: -7/19      AC:  4    Str:  6      XL:     3   Next: 0%
Magic:  0/6        EV: 15    Int: 13      God:
Gold:   73         SH:  0    Dex: 14 (17) Spells: 3 memorised, 0 levels left

rFire  . . .     SeeInvis .     a - +1 dagger
rCold  . . .     Clarity  .     b - +1 robe
rNeg   . . .     SustAb   .     (no shield)
rPois  .         Gourm    .     (no helmet)
rElec  .         Spirit   .     p - +0 cloak
rCorr  .         Warding  .     (no gloves)
rMut   .         Stasis   .     (no boots)
MR     .....                    (no amulet)
Stlth  +++.......               (no ring)
                                (no ring)

@: not resistant to hostile enchantments, fairly stealthy
A: carnivore 3
a: no special abilities


You were on level 2 of the Dungeon.
You were not hungry.

You visited 1 branch of the dungeon, and saw 2 of its levels.

You collected 73 gold pieces.

Inventory:

Hand weapons
 a - a +1 dagger (weapon)
Armour
 b - a +1 robe (worn)
 p - a +0 cloak (worn)
Scrolls
 e - a scroll of random uselessness {unknown}
 f - a scroll of blinking {unknown}
 g - a scroll of enchant weapon {unknown}
 i - 2 scrolls of amnesia {unknown}
 l - 2 scrolls of immolation {unknown}
 n - 3 scrolls of enchant armour {unknown}
 q - a scroll of identify {unknown}
Potions
 h - a potion of restore abilities
 m - a potion of resistance {unknown}
 o - 2 potions of heal wounds {unknown}
 r - a potion of mutation {unknown}
Books
 c - a book of Maledictions

   Spells                             Type                      Level
   a - Corona                         Hexes                        1
   b - Sure Blade                     Hexes/Charms                 2
   c - Ensorcelled Hibernation        Hexes/Ice                    2
   d - Confuse                        Hexes                        3
   e - Dazzling Spray                 Conjuration/Hexes            3
   f - Enslavement                    Hexes                        4
Comestibles
 d - 2 meat rations


   Skills:
 - Level 1.3 Short Blades
 - Level 2.4 Dodging
 + Level 5.5 Stealth
 - Level 2.0 Spellcasting
 - Level 3.0 Hexes


You couldn't memorise any spells.
You knew the following spells:

 Your Spells              Type           Power        Failure   Level  Hunger
a - Corona                Hex            #......      10%         1    ##.....
b - Ensorcelled Hibernat  Hex/Ice        #.....       21%         2    ###....
c - Confuse               Hex            #.......     21%         3    ####...


Dungeon Overview and Level Annotations

Branches:
Dungeon (2/15)

Altars:

Annotations:
D:2 Sigmund


Innate Abilities, Weirdness & Mutations

You are small and have problems with some larger weapons.
You are carnivorous and can eat meat at any time.


Message History

Sigmund appears confused.
Sigmund grins madly.
Sigmund zaps a wand.
It is a wand of flame.
Sigmund drinks a potion.
Sigmund seems less confused.
You closely miss Sigmund. Sigmund completely misses you.
Drink which item? (? for menu, Esc to quit)
It was a potion of restore abilities.
You feel refreshed.
Sigmund zaps a wand.
The puff of flame hits you!
* * * LOW HITPOINT WARNING * * *
Drink which item? (? for menu, Esc to quit)
You feel better.
Sigmund zaps a wand.
The puff of flame hits you!
* * * LOW HITPOINT WARNING * * *
A goblin comes into view.
Drink which item? (? for menu, Esc to quit)
It was a potion of degeneration.
There was something very wrong with that liquid.
You feel clumsy.
Sigmund zaps a wand.
The puff of flame hits you!
Ouch! That really hurt!
You die...

........# ........# ..
....#...# ... ###
#......#### ..##..
.......##.. ..#.#
..#...###.# ...#
.#....###.#####..# ##
.......##.g..=...#..##
(##..........###@@...#
.##.......##....#....#
.##.....####..#.#......#
()..##.... #..#.#.......
....##..#..#..#.#.......
(....#..##............#
#.......#...##........#
........#..###......#>.
.##.............#...#


You could see Sigmund and a goblin.

Vanquished Creatures
  A giant cockroach (D:1)
  4 goblins
  A hobgoblin (D:1)
  4 kobolds
  A quokka (D:2)
  A bat (D:1)
  2 giant newts (D:1)
  4 rats
18 creatures vanquished.

Notes
Turn   | Place    | Note
--------------------------------------------------------------
     0 | D:1      | Sorcv, the Kobold Enchanter, began the quest for the Orb.
     0 | D:1      | Reached XP level 1. HP: 10/10 MP: 3/3
   201 | D:1      | Reached XP level 2. HP: 9/15 MP: 4/4
   262 | D:1      | Reached skill level 5 in Stealth
   323 | D:1      | You fall through a shaft!
   578 | D:2      | Reached XP level 3. HP: 8/19 MP: 6/6
   582 | D:2      | Learned a level 2 spell: Ensorcelled Hibernation
   586 | D:2      | Learned a level 3 spell: Confuse
   630 | D:2      | Noticed Sigmund
   649 | D:2      | Killed from afar by Sigmund

Action                   || total
-------------------------++-------
Melee: Dagger            ||    64
 Cast: Confuse           ||     2
  Use: Potion            ||     3
 Stab: Sleeping          ||     4
